 Dungeon Sprint DCSS version 0.26.1-2-gb8aa6d0cf2 (webtiles) character file.

Game seed: 11015895333573709369

4344 Groucho the Unseen (level 10, 0/51 (53) HPs)
             Began as a Spriggan Enchanter on Feb 25, 2021.
             Was the Champion of Kikubaaqudgha.
             Slain by a black mamba (18 damage)
             ... in the Dungeon (Sprint VII: "The Pits").
             The game lasted 00:10:30 (3068 turns).

Groucho the Unseen (Spriggan Enchanter)             Turns: 3068, Time: 00:10:31

HP:   0/51 (53)     AC:  2    Str:  7    XL:     10   Next: 12%
MP:   14/25         EV: 29    Int: 24    God:    Kikubaaqudgha [******]
Gold: 0             SH:  0    Dex: 16    Spells: 8/29 levels left

rFire    . . .     SeeInvis +   a - +2 dagger
rCold    . . .     Faith    .   (shield restricted)
rNeg     . . .     Spirit   .   b - +0 robe
rPois    .         Reflect  .   (helmet restricted)
rElec    .         Harm     .   (no cloak)
rCorr    .         Rampage  .   (gloves unavailable)
Will     +....     NoTele   +   (boots unavailable)
Stlth    +++++++...             (no amulet)
HPRegen  0.17/turn              o - +3 ring of intelligence
MPRegen  0.19/turn              p - +3 ring of intelligence

@: lightly drained, very quick
A: very small, unfitting armour, see invisible, speed 3
a: Renounce Religion, Receive Corpses, Torment, Brand Weapon With Pain, Receive
Necronomicon


You were in the Dungeon.
You worshipped Kikubaaqudgha.
Kikubaaqudgha was exalted by your worship.
You visited 1 branch

Inventory:

Hand Weapons
 a - a +2 dagger (weapon)
 t - a +2 rapier of draining
Missiles
 j - 13 stones (quivered)
 n - 4 silver boomerangs
Armour
 b - a +0 robe (worn)
Jewellery
 o - a +3 ring of intelligence (left hand)
 p - a +3 ring of intelligence (right hand)
Scrolls
 i - a scroll of blinking
 k - 3 scrolls of remove curse
 l - 5 scrolls of amnesia
 m - a scroll of summoning
Potions
 c - 2 potions of invisibility
 d - 5 potions of curing
 e - 5 potions of heal wounds
 f - 2 potions of haste
 g - 3 potions of magic
 h - 3 potions of berserk rage
 q - a potion of brilliance
 r - a potion of resistance
 s - a potion of might


   Skills:
 + Level 5.6 Fighting
 + Level 7.7 Short Blades
 * Level 13.7 Dodging
 * Level 17.4 Stealth
 + Level 10.4 Spellcasting
 * Level 13.0 Hexes
 + Level 7.2 Necromancy


You had 8 spell levels left.
You knew the following spells:

 Your Spells              Type           Power        Failure   Level
a - Corona                Hex            73%          1%          1
b - Ensorcelled Hibernat  Hex/Ice        86%          1%          2
c - Confusing Touch       Hex            66%          1%          3
d - Dazzling Flash        Conj/Hex       86%          1%          3
e - Tukima's Dance        Hex            66%          1%          3
f - Agony                 Necr           47%          7%          5
g - Animate Dead          Necr           23%          2%          4

Your spell library contained the following spells:

 Spells                   Type           Power        Failure   Level
 Animate Skeleton         Necr           94%          1%          1
 Pain                     Necr           100%         1%          1
 Sublimation of Blood     Necr           23%          1%          2
 Vampiric Draining        Necr           23%          1%          3
 Dispel Undead            Necr           47%          2%          4
 Excruciating Wounds      Necr           23%          7%          5
 Borgnjor's Vile Clutch   Necr/Erth      14%          32%         5


Dungeon Overview and Level Annotations

Branches:
Dungeon (1/1)

Altars:
Ashenzari
Cheibriados
Dithmenos
Elyvilon
Fedhas
Gozag
Hepliaklqana
Kikubaaqudgha
Makhleb
Nemelex Xobeh
Okawaru
Qazlal
Ru
Sif Muna
Trog
Uskayaw
Vehumet
Wu Jian
Xom
Yredelemnul
Zin
The Shining One
Beogh
Jiyva
Lugonu


Innate Abilities, Weirdness & Mutations

You are very small and have problems with some larger weapons.
You are too small for most types of armour.
You have supernaturally acute eyesight. (SInv)
You cover ground extremely quickly.


Message History

There is an open door here.
The killer bee misses you.
Things that are here:
a +0 shortbow of freezing; 17 arrows You see here a +0 club.
Casting: Dazzling Flash (safe; 1% risk of failure)
Confirm with . or Enter, or press ? or * to list all spells.
Aiming: Ensorcelled Hibernation (safe; 1% risk of failure)
Press: ? - help, Shift-Dir - straight line, f - killer bee
Aim: a killer bee (moderately wounded, chance to affect: 76%)
The killer bee struggles to resist.
The killer bee completely misses you. x2
Casting: Ensorcelled Hibernation (safe; 1% risk of failure)
Confirm with . or Enter, or press ? or * to list all spells.
Aiming: Ensorcelled Hibernation (safe; 1% risk of failure)
Press: ? - help, Shift-Dir - straight line, f/p - killer bee
Aim: a killer bee (moderately wounded, chance to affect: 76%)
The killer bee struggles to resist.
The killer bee completely misses you. The black mamba bites you!!
You die...
Kikubaaqudgha rasps: "You have failed me!
Welcome... death!"

)))'.##......#..#......#
####.##................+
)....)'........)....†..+
#)#####......#.÷#......#
...'.##................#
...#.#####'#####''######
####.##.......##''# ########
..)#)##.......##..# #.)....###..
...'.##.......##@.# #..#†#...y..y
#######...<...##yS##..##.##...S.#
.)))[##.......##..##.##.†.##...##
.)))[##.......##.F####.....##.##
#######.......##.))##.r....#...#
..#..###########...r'F.....'...'.
..#.############...##......#...#.
..#)#....#..[[##..####.....##.##S
#)#'#....#..[[##..# ##...## ..#


You could see a black mamba, a bullfrog, a hell rat and a killer bee.

Vanquished Creatures
  An orc high priest (D)
  A phantasmal warrior (D)
  An elephant (D)
  A black mamba (D)
  A gargoyle (D)
  2 komodo dragons (D)
  A red devil (D)
  A redback (D)
  A wraith (D)
  A water moccasin (D)
  5 orc warriors (D)
  An ice beast (D)
  A centaur (D)
  2 gnoll sergeants (D)
  4 killer bees (D)
  3 wights (D)
  A jelly (D)
  A hound (D)
  An iguana (D)
  A hell rat (D)
  5 gnolls (D)
  An adder (D)
  2 ufetubi (D)
  An ooze (D)
  A leopard gecko (D)
  4 orcs (D)
  A bat skeleton (D)
  3 hobgoblins (D)
  4 jackals (D)
  A frilled lizard (D)
  A kobold (D)
55 creatures vanquished.

Notes
Turn   | Place    | Note
-------+----------+-------------------------------------------
     0 | D        | Groucho the Spriggan Enchanter began the quest for the Orb.
     0 | D        | Reached XP level 1. HP: 9/9 MP: 5/5
    22 | D        | Reached skill level 5 in Stealth
    52 | D        | Found a bloodstained altar of Trog.
    52 | D        | Found a shimmering blue altar of Sif Muna.
    52 | D        | Found a viscous altar of Jiyva.
    52 | D        | Found a hazy altar of Hepliaklqana.
    52 | D        | Found an opulent altar of Gozag.
    53 | D        | Found a glowing golden altar of the Shining One.
    53 | D        | Found a glowing silver altar of Zin.
    53 | D        | Found a basalt altar of Yredelemnul.
    53 | D        | Found a shimmering altar of Xom.
    53 | D        | Found an ornate altar of the Wu Jian Council.
    53 | D        | Found a sacrificial altar of Ru.
    53 | D        | Found a stormy altar of Qazlal.
    53 | D        | Found an iron altar of Okawaru.
    53 | D        | Found a sparkling altar of Nemelex Xobeh.
    53 | D        | Found a burning altar of Makhleb.
    53 | D        | Found a blossoming altar of Fedhas.
    53 | D        | Found a white marble altar of Elyvilon.
    53 | D        | Found a shadowy altar of Dithmenos.
    53 | D        | Found a snail-covered altar of Cheibriados.
    54 | D        | Found a radiant altar of Vehumet.
    54 | D        | Found a corrupted altar of Lugonu.
    54 | D        | Found a roughly hewn altar of Beogh.
    55 | D        | Found a hide-covered altar of Uskayaw.
    55 | D        | Found an ancient bone altar of Kikubaaqudgha.
    55 | D        | Found a broken altar of Ashenzari.
    63 | D        | Became a worshipper of Kikubaaqudgha
    82 | D        | Reached skill level 6 in Stealth
    82 | D        | Reached XP level 2. HP: 12/13 MP: 5/7
   206 | D        | Learned a level 2 spell: Ensorcelled Hibernation
   213 | D        | Reached * piety under Kikubaaqudgha
   213 | D        | Identified Kikubaaqudgha's Grimoire of Evil (Kikubaaqudgha
                  | gifted it to you in the Dungeon)
   213 | D        | Received a gift from Kikubaaqudgha
   217 | D        | Reached skill level 7 in Stealth
   244 | D        | Reached ** piety under Kikubaaqudgha
   245 | D        | Reached skill level 5 in Hexes
   245 | D        | Noticed a gnoll sergeant
   421 | D        | Killed a gnoll sergeant
   422 | D        | Reached skill level 9 in Stealth
   422 | D        | Reached skill level 5 in Spellcasting
   422 | D        | Reached XP level 3. HP: 14/16 MP: 7/10
   422 | D        | Reached XP level 4. HP: 18/21 MP: 8/12
   449 | D        | Reached skill level 10 in Stealth
   454 | D        | Reached *** piety under Kikubaaqudgha
   454 | D        | Identified Kikubaaqudgha's Incunabulum of Sinister Secrets
                  | (Kikubaaqudgha gifted it to you in the Dungeon)
   454 | D        | Received a gift from Kikubaaqudgha
   534 | D        | Reached **** piety under Kikubaaqudgha
   695 | D        | Learned a level 3 spell: Confusing Touch
   712 | D        | Reached skill level 11 in Stealth
   712 | D        | Reached XP level 5. HP: 14/24 MP: 9/14
  1032 | D        | Noticed an ice beast
  1032 | D        | Noticed a water moccasin
  1149 | D        | Killed a water moccasin
  1150 | D        | Reached skill level 1 in Fighting
  1150 | D        | Reached skill level 5 in Dodging
  1150 | D        | Reached skill level 12 in Stealth
  1150 | D        | Reached XP level 6. HP: 27/30 MP: 6/16
  1160 | D        | Killed an ice beast
  1160 | D        | Reached ***** piety under Kikubaaqudgha
  1740 | D        | Noticed an orc warrior
  1742 | D        | Killed an orc warrior
  1743 | D        | Reached skill level 13 in Stealth
  1743 | D        | Reached XP level 7. HP: 35/35 MP: 19/19
  1744 | D        | Noticed a phantasmal warrior
  1746 | D        | Killed a phantasmal warrior
  1747 | D        | Reached skill level 14 in Stealth
  1747 | D        | Reached skill level 10 in Hexes
  1747 | D        | Reached skill level 5 in Necromancy
  1760 | D        | Reached skill level 5 in Short Blades
  1760 | D        | Reached XP level 8. HP: 40/40 MP: 18/21
  2010 | D        | Noticed a komodo dragon
  2031 | D        | Reached ****** piety under Kikubaaqudgha
  2044 | D        | Reached skill level 10 in Dodging
  2254 | D        | Killed a komodo dragon
  2255 | D        | Reached skill level 15 in Stealth
  2354 | D        | Noticed a komodo dragon
  2363 | D        | Killed a komodo dragon
  2373 | D        | Learned a level 3 spell: Dazzling Flash
  2377 | D        | Learned a level 3 spell: Tukima's Dance
  2383 | D        | Learned a level 5 spell: Agony
  2569 | D        | Noticed an elephant
  2569 | D        | Noticed a red devil
  2569 | D        | Noticed an orc high priest
  2570 | D        | Noticed a soul eater
  2595 | D        | HP: 1/42 [elephant (18)]
  2645 | D        | Reached XP level 9. HP: 8/46 MP: 19/23
  2662 | D        | Killed an elephant
  2687 | D        | Killed an orc high priest
  2688 | D        | Reached skill level 5 in Fighting
  2688 | D        | Reached skill level 16 in Stealth
  2757 | D        | Reached skill level 10 in Spellcasting
  2945 | D        | Noticed a gargoyle
  2993 | D        | Killed a gargoyle
  3001 | D        | Learned a level 4 spell: Animate Dead
  3027 | D        | Killed a red devil
  3028 | D        | Reached skill level 17 in Stealth
  3033 | D        | Noticed a black mamba
  3035 | D        | Noticed a black mamba
  3043 | D        | Reached XP level 10. HP: 39/51 MP: 22/25
  3044 | D        | Killed a black mamba
  3068 | D        | Slain by a black mamba

Illustrated notes

Levels and vault maps discovered:
D:        pitsprint [storerooms_1, entrance_room_1, metal_vault_3, armoury_1,
          mini_pit_1, grid_room_1, main_hall_1, silver_pit, the_coven_3,
          the_vestibule_1, steel_vault_4, golden_pit, hallway_of_sentries,
          crystal_vault_1, iron_vault_3, final_vault]

Skill      XL: |  1  2  3  4  5  6  7  8  9 10 |
---------------+-------------------------------+-----
Stealth        | 6 9 11 12 13 14 15 17 | 17.4
Spellcasting   | 3 5 6 7 8 9 10 | 10.4
Hexes          | 4 5 6 7 9 10 11 12 13 | 13.0
Necromancy     | 2 3 4 5 6 7 |  7.2
Fighting       | 1 2 3 4 5 |  5.6
Short Blades   | 2 3 5 6 7 |  7.7
Dodging        | 5 7 9 11 13 | 13.7

Action                   |  1- 3 |  4- 6 |  7- 9 | 10-12 || total
-------------------------+-------+-------+-------+-------++-------
Melee: Dagger            |    28 |    36 |    92 |    11 ||   167
Throw: Stone             |     1 |     2 |       |       ||     3
 Cast: Ensorcelled Hiber |     8 |    12 |    24 |     4 ||    48
       Confusing Touch   |       |     4 |    10 |       ||    14
       Dazzling Flash    |       |       |       |     1 ||     1
  Use: Potion            |     2 |       |     8 |       ||    10
 Stab: Sleeping          |     5 |    11 |    20 |     2 ||    38
       Confused          |       |     4 |    10 |       ||    14
       Invisible         |       |       |       |     2 ||     2
Armor: Robe              |     3 |     1 |       |       ||     4
Dodge: Dodged            |    25 |    22 |    73 |    31 ||   151
